 Dungeon Crawl Stone Soup version 0.30.1-11-g7821555f0a (webtiles) character file.

Game seed: 5606946713047737853

180 Eitelfritz the Covered (level 5, 0/47 HPs)
             Began as a Hill Orc Fighter on Dec 28, 2023.
             Slain by a lemure (1 damage)
             ... led by Pikel
             ... on level 4 of the Dungeon.
             The game lasted 00:05:46 (2837 turns).

Eitelfritz the Covered (Hill Orc Fighter)           Turns: 2837, Time: 00:05:47

Health: 0/47       AC:  8    Str: 21    XL:     5   Next: 60%
Magic:  5/5        EV:  9    Int:  8    God:
Gold:   192        SH:  4    Dex: 10    Spells: 4/4 levels left

rFire   . . .        a - +0 war axe
rCold   . . .        c - +0 buckler
rNeg    . . .        b - +0 scale mail
rPois   .            (no helmet)
rElec   .            k - +0 cloak
rCorr   .            (no gloves)
SInv    .            (no boots)
Will    .....        (no amulet) Stlth
                     (no ring)
HPRegen 0.27/turn    (no ring)
MPRegen 0.09/turn

%: no passive effects
@: mighty
A: no striking features
a: no special abilities


You were on level 4 of the Dungeon.
You visited 1 branch of the dungeon, and saw 4 of its levels.

You collected 192 gold pieces.

Inventory:

Hand Weapons
 a - a +0 war axe (weapon)
Missiles
 g - 6 atropa-tipped darts (quivered)
Armour
 b - a +0 scale mail (worn)
 c - a +0 buckler (worn)
 k - a +0 cloak (worn)
Jewellery
 f - a ring of willpower
 n - a ring of willpower
Scrolls
 e - a scroll of torment {unknown}
 m - 3 scrolls of identify {unknown}
 o - 2 scrolls of teleportation {unknown}
Potions
 d - a potion of might
 h - 2 potions of heal wounds {unknown}
 i - a potion of curing
 j - a potion of haste {unknown}
 l - 2 potions of invisibility {unknown}


   Skills:
 + Level 4.5 Fighting
 + Level 4.6 Axes
 + Level 4.8 Armour
 + Level 0.7 Dodging
 + Level 0.1 Stealth
 + Level 3.5 Shields
 + Level 0.1 Unarmed Combat


You had 4 spell levels left.
You didn't know any spells.
Your spell library contained the following spells:

 Spells                   Type           Power      Damage    Failure   Level
 Foxfire                  Conj/Fire      0%         2x1d4     80%         1
 Shock                    Conj/Air       0%         1d3       80%         1
 Summon Small Mammal      Summ           0%         N/A       80%         1
 Static Discharge         Conj/Air       0%         2-2/arc   91%         2
 Call Canine Familiar     Summ           0%         N/A       99%         3
 Summon Guardian Golem    Hex/Summ       0%         N/A       99%         3
 Swiftness                Air            0%         N/A       99%         3
 Airstrike                Air            0%         2d(0-16)  100%        4
 Summon Lightning Spire   Summ/Air       0%         N/A       100%        4
 Borgnjor's Vile Clutch   Necr/Erth      0%         N/A       100%        5
 Fireball                 Conj/Fire      0%         3d3       100%        5
 Plasma Beam              Fire/Air       0%         2x1d11    100%        6
 Starburst                Conj/Fire      0%         6d3       100%        6


Dungeon Overview and Level Annotations

Branches:
Dungeon (4/15)
 Temple: D:4-7

Altars:
Dithmenos
Fedhas

Annotations:
D:3 exclusion: oklob plant
D:4 Pikel


Message History

You barely miss the kobold. The kobold completely misses you.
The ball python barely misses you. The ball python grabs you.
The ball python constricts you.
You hit the kobold but do no damage. You hit the ball python.
You kill the ball python!
You block the kobold's attack.
You slash the kobold!
You kill the kobold!
Pikel, Merchant of Souls comes into view.
He is wielding a +1 whip of electrocution.
Pikel shouts!
You hear a shout! x2
A quokka comes into view.
Things that are here:
a +3 short sword; a kobold corpse Pikel says, "I'm sure they'll be treated well, anyway."
Pikel drinks a potion.
Pikel goes berserk!
You see here a +3 dagger.
A lemure comes into view.
You can't go up here!
A lemure comes into view.
The lemure shouts!
The lemure moves out of view.
You block Pikel's attack.
There is a stone staircase leading up here.
You feel very mighty all of a sudden.
Pikel hits you with a +1 whip of electrocution!
You are electrocuted!
You slash Pikel!
Pikel is moderately wounded.
Pikel hits you with a +1 whip of electrocution.
Pikel hits you with a +1 whip of electrocution!
* * * LOW HITPOINT WARNING * * *
Unknown command.
It was a potion of curing.
You feel better. Pikel barely misses you.
Pikel hits you with a +1 whip of electrocution!
* * * LOW HITPOINT WARNING * * *
You feel better.
Pikel hits you with a +1 whip of electrocution!
* * * LOW HITPOINT WARNING * * *
The lemure hits you.
You die...

.. .#. #.. . ..
.# ... ...#...#
..## .. #.#r#..#
... ...5.#...#
..# .#......#
#.# ...... #5#
###5.###.#
#@#####..=.....#
#K##.).r...#####
#r...#######
######


You could see Pikel (berserk), a lemure and a quokka.

Vanquished Creatures
  A lemure (D:4)
  Natasha (D:1)
  4 gnolls (D:2)
  7 adders
  A worm (D:2)
  A dart slug (D:2)
  2 endoplasms
  2 giant cockroaches
  4 goblins
  8 hobgoblins
  4 kobolds
  2 quokkas (D:3)
  5 ball pythons
  4 bats
  3 frilled lizards
  6 rats
55 creatures vanquished.

Notes
Turn   | Place    | Note
-------+----------+-------------------------------------------
     0 | D:1      | Eitelfritz the Hill Orc Fighter began the quest for the
                  | Orb.
     0 | D:1      | Reached XP level 1. HP: 19/19 MP: 1/1
   430 | D:1      | Reached XP level 2. HP: 25/27 MP: 2/2
  1051 | D:2      | Noticed Natasha
  1235 | D:2      | Reached XP level 3. HP: 32/33 MP: 3/3
  1248 | D:2      | Reached XP level 4. HP: 33/40 MP: 4/4
  1509 | D:2      | Got the Encyclopedia of Friendly Detritus
  1767 | D:1      | Killed Natasha
  1768 | D:1      | Reached XP level 5. HP: 36/47 MP: 5/5
  2109 | D:3      | Found a blossoming altar of Fedhas.
  2138 | D:3      | Noticed an oklob plant
  2403 | D:3      | Found a shadowy altar of Dithmenos.
  2803 | D:4      | Noticed a lemure
  2820 | D:4      | Killed a lemure
  2825 | D:4      | Noticed Pikel
  2831 | D:4      | Noticed a lemure
  2832 | D:4      | Noticed a lemure
  2835 | D:4      | HP: 1/47 [Pikel/+1 whip of electrocution (16)]
  2837 | D:4      | Slain by a lemure

Illustrated notes

Levels and vault maps discovered:
D:1:      dpeg_arrival_round_b, layout_loops_corners
D:2:      layout_basic, uniq_natasha
D:3:      layout_rooms, tgw_fedhas, nicolae_dithmenos_the_darkroom,
          palyth_stone_intersect
D:4:      layout_rooms, amcnicky_altar_gilded, chequers_serial_rivers_room_b,
          hangedman_decor_opposing, uniq_pikel

Skill      XL: |  1  2  3  4 |
---------------+-------------+-----
Axes           | 3 4 |  4.6
Armour         | 4 |  4.8
Fighting       | 4 |  4.5
Dodging        | |  0.7
Stealth        | |  0.1
Shields        | |  3.5
Unarmed Combat | |  0.1

Action                     |  1- 3 |  4- 6 || total
---------------------------+-------+-------++-------
  Melee: War axe           |    59 |   102 ||   161
         Unarmed           |     7 |     9 ||    16
    Use: Potion            |       |     3 ||     3
 Armour: Scale mail        |    34 |    54 ||    88
         Skin              |       |     3 ||     3
  Dodge: Dodged            |    50 |    50 ||   100
  Block: Buckler           |    14 |    27 ||    41
